 Seeded DCSS version 0.31-a0-1308-ga3cce3a (webtiles) character file.

Game seed: 5174039148915690263 (custom seed)

140 PurpleRed the Firebug (level 5, -1/36 HPs)
             Began as an Octopode Cinder Acolyte on Dec 19, 2023.
             Was a High Priest of Ignis.
             Slain by Duvessa
             ... wielding a +0 rapier
              (11 damage)
             ... on level 4 of the Dungeon.
             The game lasted 00:07:25 (2867 turns).

PurpleRed the Firebug (Octopode Cinder Acolyte)     Turns: 2867, Time: 00:07:26

Health: -1/36      AC:  1    Str: 21    XL:     5   Next: 22%
Magic:  8/8        EV: 12    Int: 19    God:    Ignis [*****.]
Gold:   140        SH:  0    Dex: 11    Spells: 7/9 levels left

rFire   + . .        m - +8 mace of Doom {freeze, rPois rC+ Str+2 Dex+4}
rCold   + . .        (no shield)
rNeg    . . .        (helmet restricted)
rPois   +            (no amulet)
rElec   .            d - +6 ring of strength
rCorr   .            (no ring)
SInv    .            (no ring)
Will    .....        (no ring)
Stlth   ++           (no ring)
HPRegen 0.26/turn    (no ring)
MPRegen 0.11/turn    (no ring)
                     (no ring)

%: no passive effects
@: no status effects
A: almost no armour, amphibious, 8 rings, camouflage 1, gelatinous body 1,
(nimble swimmer 1), tentacles
a: Renounce Religion, Fiery Armour, Foxfire Swarm, Rising Flame


You were on level 4 of the Dungeon.
You worshipped Ignis.
Ignis was extremely pleased with you.
You visited 1 branch of the dungeon, and saw 4 of its levels.

You collected 140 gold pieces.

Inventory:

Hand Weapons
 a - a -1 short sword of flaming
 c - a +2 dagger of pain
 i - a +2 hand axe of freezing
 l - a +1 dagger of flaming
 m - the +8 mace of Doom (weapon) {freeze, rPois rC+ Str+2 Dex+4}
   (You found it on level 4 of the Dungeon)

   Str+2:     It affects your strength (+2).
   Dex+4:     It affects your dexterity (+4).
   rC+:       It protects you from cold.
   rPois:     It protects you from poison
Missiles
 k - 3 poisoned darts
Jewellery
 d - a +6 ring of strength (left tentacle)
Scrolls
 b - 3 scrolls of identify
 e - 6 scrolls of teleportation
 f - a scroll of immolation
 g - a scroll of blinking {unknown}
 h - a scroll of vulnerability {unknown}
 j - a scroll of silence {unknown}


   Skills:
 - Level 3.0 Fighting
 - Level 3.0 Short Blades
 + Level 2.5 Spellcasting
 + Level 2.9 Conjurations
 + Level 3.8 Fire Magic


You had 7 spell levels left.
You knew the following spells:

 Your Spells              Type           Power      Damage    Failure   Level
a - Scorch                Fire           34%        2d6       4%          2

Your spell library contained the following spells:

 Spells                   Type           Power      Damage    Failure   Level
 Flame Wave               Conj/Fire      15%        2d7       36%         4
 Summon Cactus Giant      Summ           1%         N/A       100%        6


Dungeon Overview and Level Annotations

Branches:
Dungeon (4/15)             Temple (0/1) D:4

Altars:
Dithmenos
Uskayaw

Annotations:
D:3 Sigmund
D:4 Dowan, Duvessa


Innate Abilities, Weirdness & Mutations

You cannot wear most types of armour.
You are amphibious.
You can wear up to eight rings at the same time.
Your skin changes colour to match your surroundings (Stealth+).
Your rubbery body absorbs attacks. (AC +1, EV +1)
((You are camouflaged when in or above water. (Stealth+)))
You have tentacles for arms and can constrict up to eight enemies at once.


Message History

The ball python constricts you.
You sock the ball python!
The ball python seems to slow down.
You freeze the ball python.
You kill the ball python!
The adder barely misses you.
Dowan mumbles some strange words.
Dowan blinks!
You see here a ball python corpse.
You hit Duvessa. You freeze Duvessa. You grab Duvessa.
Duvessa is moderately wounded.
You constrict Duvessa. Duvessa hits you with a +0 rapier!
The adder bites you but does no damage. x2; Duvessa barely misses you.
You hit Duvessa. You freeze Duvessa.
Duvessa is moderately wounded.
You constrict Duvessa. Duvessa hits you with a +0 rapier.
The adder barely misses you. Dowan barely misses you.
Duvessa hits you with a +0 rapier! The adder bites you.
Dowan hits you with a +0 dagger.
* * * LOW HITPOINT WARNING * * *
You are too injured to fight recklessly!
You are too injured to fight recklessly!
You are too injured to fight recklessly!
You are too injured to fight recklessly!
You are too injured to fight recklessly!
You are too injured to fight recklessly!
You are too injured to fight recklessly!
You are too injured to fight recklessly!
You are too injured to fight recklessly!
You are too injured to fight recklessly!
You are too injured to fight recklessly!
You are too injured to fight recklessly!
You are too injured to fight recklessly!
You are too injured to fight recklessly!
You are too injured to fight recklessly!
Okay, then.
Activating: Foxfire Swarm
Press: ? - help, Dir - look around, f - activate Flames leap up around you!
You constrict Duvessa. Duvessa hits you with a +0 rapier!
You die...

#.###...# #.......#
#..P.P..# #. #...>...#
.. #..P.P..# #. #.
####.vvvvv# #.##### #.
.....vvSe# #.....# #.
####.vv@v######..##.# #.
.....vvve#...##..##†###.
.≈.≈.vvvvv.≈.##.........
.....♣...♣....#........#
..♣....≈....♣.#.......##
.....♣...♣.............#
.≈.≈.......≈.≈....>.....
...^..≈.≈...!.....#.###.
...♣.....♣...♣...#.# #.


You could see Duvessa (fast, ally target), Dowan (ally target) and an adder
(ally target).

Vanquished Creatures
  An orc wizard (D:3)
  5 adders
  A worm (D:2)
  3 orcs (D:3)
  7 ball pythons
  3 endoplasms
  7 giant cockroaches
  5 goblins
  5 hobgoblins
  3 jackals (D:1)
  2 quokkas
  3 bats
  9 frilled lizards
  6 kobolds
  5 rats
65 creatures vanquished.

Notes
Turn   | Place    | Note
-------+----------+-------------------------------------------
     0 | D:1      | PurpleRed the Octopode Cinder Acolyte began the quest for
                  | the Orb.
     0 | D:1      | Reached XP level 1. HP: 16/16 MP: 2/2
    94 | D:1      | Reached skill level 1 in Conjurations
    99 | D:1      | Reached XP level 2. HP: 16/21 MP: 3/3
   109 | D:1      | Learned a level 2 spell: Scorch
   417 | D:1      | You fall into a shaft and drop 1 floor!
   477 | D:2      | Reached XP level 3. HP: 26/26 MP: 5/5
  1155 | D:2      | Reached XP level 4. HP: 31/31 MP: 7/7
  1721 | D:3      | Noticed Sigmund
  2012 | D:3      | Found a faded altar of an unknown god.
  2358 | D:3      | HP: 1/31 [something (5)]
  2727 | D:4      | Found a hide-covered altar of Uskayaw.
  2734 | D:4      | Reached XP level 5. HP: 36/36 MP: 3/8
  2789 | D:4      | Identified the +8 mace of Doom {freeze, rPois rC+ Str+2
                  | Dex+4}
  2831 | D:4      | Found a shadowy altar of Dithmenos.
  2859 | D:4      | Found a staircase to the Ecumenical Temple.
  2860 | D:4      | Noticed Dowan
  2861 | D:4      | Noticed Duvessa
  2867 | D:4      | Slain by Duvessa

Illustrated notes

Levels and vault maps discovered:
D:1:      lightli_arrival_windingriver, layout_rooms
D:2:      layout_loops_corners, minmay_statues_item
D:3:      layout_basic, nicolae_ecumenical_lake_church, uniq_sigmund
D:4:      layout_basic, mainiacjoe_overflow_six_doors_small,
          nicolae_dithmenos_shadow_blocks, minmay_temple_entry_trees,
          minmay_misc_feat_tiny, dreamdust_wishing_well,
          nicolae_kite_square_tiling_tiny, sigmund_army, uniq_natasha,
          uniq_duvessa

Skill      XL: |  1  2  3 |
---------------+----------+-----
Conjurations   | 1 2 |  2.9
Spellcasting   | 2 |  2.5
Fighting       | |  3.0
Short Blades   | |  3.0
Fire Magic     | |  3.8

Action                     |  1- 3 |  4- 6 || total
---------------------------+-------+-------++-------
  Melee: Short sword       |    27 |       ||    27
         Tentacles         |    11 |     4 ||    15
         Constrict         |    12 |     9 ||    21
         Dagger            |    46 |    41 ||    87
         Mace              |       |     7 ||     7
   Cast: Scorch            |     8 |     9 ||    17
 Invoke: Foxfire Swarm     |       |     1 ||     1
    Use: Scroll            |       |     3 ||     3
         Potion            |       |     3 ||     3
   Stab: Sleeping          |     7 |     7 ||    14
 Armour: Skin              |    32 |    29 ||    61
  Dodge: Dodged            |    43 |    26 ||    69

Table legend: (Time is in decaauts)
 A = Elapsed time spent in this place.
 B = Non-inter-level travel time spent in this place.
 C = Inter-level travel time spent in this place.
 D = Time resting spent in this place.
 E = Time spent auto-exploring this place.
 F = Levels seen in this place.
 G = Mean time per level.
                   A        B        C        D        E       F      G
               +--------+--------+--------+--------+--------+-----+--------+
         Total |   2852 |   2628 |    224 |    145 |   1903 |   4 |  713.0 |
       Dungeon |   2852 |   2628 |    224 |    145 |   1903 |   4 |  713.0 |
               +--------+--------+--------+--------+--------+-----+--------+

Top non-repeatable levels by time:
     D:2: 1112 daAuts
     D:3: 950 daAuts
     D:1: 640 daAuts
     D:4: 149 daAuts
